 Dungeon Crawl Stone Soup version 0.28.0-62-gf88900778d (webtiles) character file.

Game seed: 17291468151219088666

65324 Coron the Cleaver (level 14, -3/138 HPs)
             Began as a Deep Dwarf Delver on Mar 16, 2023.
             Was a Plaything of Xom.
             Blown up by an eye of devastation (30 damage)
             ... with a bolt of energy
             ... on level 13 of the Dungeon.
             The game lasted 01:19:49 (16263 turns).

Coron the Cleaver (Deep Dwarf Delver)              Turns: 16263, Time: 01:19:49

Health: -3/138     AC: 32    Str: 21    XL:     14   Next: 75%
Magic:  0/0        EV:  6    Int: 13    God:    Xom [....*.]
Gold:   1450       SH: 17    Dex: 14    Spells: 19/19 levels left

rFire   . . .      SeeInvis .   Q - +4 war axe (antimagic)
rCold   . . .      Faith    .   m - +0 kite shield
rNeg    + + .      Spirit   .   v - +0 plate armour
rPois   .          Reflect  +   A - +0 helmet
rElec   .          Harm     .   e - +2 cloak {Will+}
rCorr   .          Rampage  .   N - +2 pair of gloves
Will    +++..      Clarity  +   L - +2 pair of boots
Stlth   ..........              R - amulet of reflection
HPRegen 0.00/turn               n - +4 ring of protection
MPRegen 0.07/turn               p - ring of positive energy

@: unable to read
A: damage resistance, heal wounds, negative energy resistance 1, sense
surroundings 2, no regeneration, clarity, clever 1, deterioration 2, high MP 1,
inability to read while threatened
a: Heal Wounds, Renounce Religion


You were on level 13 of the Dungeon.
You worshipped Xom.
You were a beloved toy of Xom.
You visited 4 branches of the dungeon, and saw 20 of its levels.
You also visited: Bailey and Gauntlet.

You collected 2804 gold pieces.
You spent 1354 gold pieces at shops.

Inventory:

Hand Weapons
 x - the +3 glaive of the Everdark {distort, Will- Str+3 Dex+2 SInv}
   (You bought it in a shop on level 11 of the Dungeon)

   It warps and distorts space around it, and may blink, banish, or inflict
   extra damage upon those it strikes.
   Unwielding it can cause banishment or high damage.
   Str:       It affects your strength (+3).
   Dex:       It affects your dexterity (+2).
   SInv:      It lets you see invisible.
   Will:      It decreases your willpower.
 F - the +8 shortbow of the Peculiar Olives {freeze, Str+4}
   (You bought it in a shop on level 7 of the Dungeon)

   Any ammunition fired from it freezes those it strikes, dealing additional
   cold damage.
   It can also slow down cold-blooded creatures.
   Str:       It affects your strength (+4).
 Q - a +4 antimagic war axe (weapon)
Missiles
 t - 16 curare-tipped darts (quivered)
 B - 8 datura-tipped darts
 G - 313 arrows
 O - 7 javelins
 P - 4 atropa-tipped darts
 S - 2 throwing nets
Armour
 e - a +2 cloak of willpower (worn)
 m - a +0 kite shield (worn)
 v - a +0 plate armour (worn)
 A - a +0 helmet (worn)
 L - a +2 pair of boots (worn)
 N - a +2 pair of gloves (worn)
Jewellery
 c - a ring of flight
 k - a ring of wizardry
 n - a +4 ring of protection (left hand)
 p - a ring of positive energy (right hand)
 y - a +4 ring of evasion
 K - a ring of ice
 R - an amulet of reflection (around neck)
Wands
 g - a wand of digging (6)
 u - a wand of iceblast (8)
 C - a wand of polymorph (6)
 E - a wand of flame (22)
 I - a wand of mindburst (4)
 M - a wand of paralysis (1)
Scrolls
 a - a scroll of summoning
 b - a scroll of fear
 d - 2 scrolls of magic mapping
 i - a scroll of enchant armour
 j - 5 scrolls of enchant weapon
 l - a scroll of noise {unknown}
 r - 4 scrolls of teleportation
 s - 3 scrolls of amnesia
 D - a scroll of acquirement {unknown}
 H - a scroll of fog
 T - a scroll of silence {unknown}
Potions
 f - 4 potions of haste
 h - 3 potions of resistance
 o - 3 potions of might
 q - 2 potions of mutation
 w - 7 potions of curing
 z - 4 potions of attraction
 J - 2 potions of cancellation
 U - a potion of flight


   Skills:
 - Level 12.0 Fighting
 + Level 14.8 Axes
 - Level 2.0 Bows
 - Level 13.0 Armour
 - Level 2.1 Dodging
 - Level 6.0 Stealth
 - Level 11.0 Shields
 - Level 3.0 Spellcasting
 - Level 10.0 Evocations


You had 19 spell levels left.
You didn't know any spells.
Your spell library contained the following spells:

 Spells                   Type           Power      Damage    Failure   Level
 Freeze                   Ice            4%         1d3       99%         1
 Magic Dart               Conj           4%         1d3       99%         1
 Sandblast                Erth           2%         2d4       99%         1
 Shock                    Conj/Air       4%         1d3       99%         1
 Slow                     Hex            4%         N/A       99%         1
 Blink                    Tloc           2%         N/A       100%        2
 Call Imp                 Summ           1%         N/A       100%        2
 Ensorcelled Hibernation  Hex/Ice        2%         N/A       100%        2
 Passwall                 Tmut/Erth      0%         N/A       100%        2
 Confusing Touch          Hex            1%         N/A       100%        3
 Frozen Ramparts          Ice            2%         1d2       100%        3
 Gell's Gravitas          Tloc           1%         N/A       100%        3
 Lesser Beckoning         Tloc           1%         N/A       100%        3
 Mephitic Cloud           Conj/Pois/Air  1%         N/A       100%        3
 Portal Projectile        Hex/Tloc       2%         N/A       100%        3
 Stone Arrow              Conj/Erth      2%         3d7       100%        3
 Swiftness                Air            1%         N/A       100%        3
 Teleport Other           Tloc           1%         N/A       100%        3
 Vampiric Draining        Necr           1%         2d6       100%        3
 Airstrike                Air            0%         N/A       100%        4
 Hailstorm                Conj/Ice       1%         3d3       100%        4
 Blade Hands              Tmut           0%         N/A       100%        5
 Excruciating Wounds      Necr           0%         N/A       100%        5
 Manifold Assault         Tloc           1%         N/A       100%        5
 Chain Lightning          Conj/Air       0%         2d1       100%        9
 Fire Storm               Conj/Fire      0%         6d1       100%        9
 Shatter                  Erth           0%         3d5*      100%        9


Dungeon Overview and Level Annotations

Branches:
Dungeon (13/15)            Temple (1/1) D:6            Lair (4/6) D:9
 Shoals (0/4) Lair:2          Orc (2/2) D:11            Elf (0/3) Orc:2
 Bailey (visited)         Gauntlet (visited)
  Snake: Lair:2-4    Spider: Lair:2-4    Vaults: D:13-14

Altars:
Ashenzari
Cheibriados
Dithmenos
Elyvilon
Fedhas
Gozag
Hepliaklqana
Kikubaaqudgha
Makhleb
Nemelex Xobeh
Okawaru
Qazlal
Ru
Sif Muna
Trog
Uskayaw
Vehumet
Wu Jian
Xom
Yredelemnul
Zin
The Shining One
Beogh

Shops:
D:5 *   D:7 =(((   D:11 (   Orc:1 =   Orc:2 :*

Annotations:
D:4 2 transporters, tkbsonic5's ghost, amateur FeTm
D:8 3 runed translucent doors, Chadd's ghost, novice MiBe
Lair:3 2 transporters


Innate Abilities, Weirdness & Mutations

You are resistant to damage.
You can heal yourself by infusing magical energy.
You resist negative energy. (rN+)
You passively map the area around you.
You do not regenerate.
You possess an exceptional clarity of mind.
Your mind is acute. (Int +2)
Your body often deteriorates upon taking damage.
You have an increased reservoir of magic. (+10% MP)
You sometimes lose the ability to read scrolls when taking damage.


Message History

Snorg bites you. Snorg claws you. You block Snorg's attack.
You closely miss Snorg.
Snorg is severely wounded.
Snorg bites you but does no damage. Snorg claws you but does no damage.
You block Snorg's attack.
You slice Snorg!!
Snorg is almost dead.
Snorg bites you. You block Snorg's attack. Snorg completely misses you.
You block Snorg's attack. Snorg claws you!
* * * LOW HITPOINT WARNING * * *
Snorg claws you but does no damage.
You slash Snorg!
Snorg is almost dead.
You block Snorg's attack. Snorg claws you!
You feel threatened and lose the ability to read scrolls!
* * * LOW HITPOINT WARNING * * *
You block Snorg's attack.
You slice Snorg!!
You kill Snorg!
A tengu warrior comes into view.
It is wielding a +3 long sword and wearing a +1 kite shield of protection.
You can read scrolls again.
Aiming: Polymorph
Press: ? - help, Shift-Dir - straight line, f - tengu warrior
Aim: a tengu warrior, wielding a +3 long sword, wearing a +0 ring mail and wearing a +1 kite shield of protection (will become a glowing orange brain, an eye of devastation, or a floating eye, chance to affect: 54%)
The tengu warrior evaporates and reforms as an eye of devastation!
Aiming: Paralyse
Press: ? - help, Shift-Dir - straight line, f/p - eye of devastation
Aim: an eye of devastation (chance to affect: 10%)
Okay, then.
Aiming: Iceblast
Press: ? - help, Shift-Dir - straight line, f/p - eye of devastation
Aim: an eye of devastation The mass of ice explodes!
The iceblast engulfs the eye of devastation!!
The eye of devastation is moderately wounded.
The eye of devastation gazes at you. The bolt of energy hits you!!
You feel threatened and lose the ability to read scrolls!
You die...
Xom laughs nastily!

#### ##........# ###..##
#.....#..## ......# #..<#...##
......# ####..####..#
......#############....########
..........................###
............................##
.......####..................##
......####)))...@.............#
.....####.....................#
...#####.......##.......).....#
..## ##.......####...........##
.. #......G## ##..........# *
#.........## ##........##
,*#...........## #........#
,#.............## #........#
...............####.#...###


You could see an eye of devastation.

Vanquished Creatures
  An orc warlord (D:11)
  Snorg (D:13)
  A boulder beetle (D:12)
  2 ogre magi
  A hydra (Lair:3)
  A centaur warrior (D:13)
  6 two-headed ogres
  3 orc high priests
  Urug (Orc:2)
  Nergalle (Lair:3)
  8 orc knights
  3 orc sorcerers
  An ugly thing (D:12)
  3 elephants
  A merfolk siren (Lair:2)
  Joseph (D:9)
  3 black mambas
  8 cane toads
  An unseen horror (D:13)
  5 komodo dragons
  A polar bear (Lair:4)
  8 trolls
  6 blink frogs (Lair:3)
  5 wraiths
  5 basilisks
  4 wyverns
  A basilisk (shapeshifter) (Lair:2)
  23 yaks
  4 vampire mosquitoes (D:12)
  Grum (D:10)
  Menkaure (D:6)
  7 wargs
  10 water moccasins
  22 orc warriors
  A black bear (D:5)
  2 ice beasts
  The ghost of Dazliare the Cutter, an amateur HODe (D:5)
  A sky beast (D:5)
  10 ogres
  2 necrophages (D:6)
  8 wolves
  6 centaurs
  4 kobold brigands
  A phantom (D:4)
  13 bullfrogs
  A scorpion (D:4)
  A gnoll sergeant (D:9)
  A wyvern zombie (D:8)
  3 wyvern skeletons
  2 water moccasin skeletons (D:5)
  9 wights
  4 howler monkeys
  2 hounds (D:7)
  A bullfrog zombie (D:6)
  4 centaur zombies
  8 orc priests
  A bullfrog skeleton (D:7)
  A gnoll shaman (D:7)
  An iguana (D:7)
  8 orc wizards
  A hound skeleton (D:5)
  5 gnolls
  10 adders
  A shadow imp (D:4)
  A white imp (D:7)
  An ufetubus (D:5)
  A worm (D:3)
  3 dart slugs
  36 orcs
  4 ball pythons
  6 endoplasms
  2 giant cockroaches (D:2)
  5 goblins
  10 hobgoblins
  13 jackals
  A quokka (D:3)
  8 bats
  4 frilled lizards
  16 kobolds
  A rat (D:1)
375 creatures vanquished.

Vanquished Creatures (collateral kills)
  A death knight (D:13)
  A tengu warrior (D:13)
  Sonja (D:13)
  Maurice (D:10)
  A komodo dragon (D:12)
  A basilisk (D:13)
  A steam dragon (D:10)
  An ice beast (D:6)
  An orc warrior (D:7)
  An ogre (Orc:2)
  A necrophage (D:7)
  2 orc priests
  2 orc wizards
  3 gnolls (D:6)
  An orc (Orc:2)
19 creatures vanquished.

Vanquished Creatures (others)
  A dancing weapon (Orc:2)
  A wyvern (Lair:3)
  A necrophage (D:7)
  12 fungi
  19 plants
  40 withered plants (Gauntlet)
74 creatures vanquished.

Grand Total: 468 creatures vanquished

Notes
Turn   | Place    | Note
-------+----------+-------------------------------------------
     0 | D:5      | Coron the Deep Dwarf Delver began the quest for the Orb.
     0 | D:5      | Reached XP level 1. HP: 20/20 MP: 1/1
     2 | D:5      | Found Tinixy's General Store.
    37 | D:5      | Reached skill level 1 in Armour
    37 | D:5      | Reached XP level 2. HP: 25/27 MP: 2/2
    88 | D:4      | Noticed a phantom
   106 | D:5      | Noticed an orc warrior
   169 | D:5      | Reached skill level 3 in Axes
   169 | D:5      | Reached XP level 3. HP: 23/34 MP: 3/3
   174 | D:5      | Found a shimmering altar of Xom.
   175 | D:5      | Found a hazy altar of Hepliaklqana.
   181 | D:5      | Found a stormy altar of Qazlal.
   191 | D:5      | Became a worshipper of Xom the Unpredictable
   246 | D:5      | Noticed an ice beast
   260 | D:5      | Noticed an ogre
   300 | D:4      | Noticed a scorpion
   340 | D:4      | XOM: potion effect (curing)
   352 | D:4      | Reached skill level 4 in Axes
   352 | D:4      | Reached XP level 4. HP: 31/42 MP: 4/4
   358 | D:4      | Found a transporter.
   360 | D:4      | Noticed tkbsonic5's ghost (amateur FeTm)
   508 | D:1      | Found a faded altar of an unknown god.
   676 | D:1      | XOM: noise
  1165 | D:1      | XOM: summons 3 hostile demons
  1166 | D:1      | Noticed a red devil
  1518 | D:2      | XOM: give mutations
  1518 | D:2      | Gained mutation: You possess an exceptional clarity of
                  | mind. [Xom's grace]
  1518 | D:2      | Gained mutation: You are partially covered in iridescent
                  | scales. (AC +2) [Xom's grace]
  1518 | D:2      | Gained mutation: You are strong-willed. (Will+) [Xom's
                  | grace]
  1561 | D:2      | Reached XP level 5. HP: 32/49 MP: 4/4
  2044 | D:3      | Reached skill level 5 in Axes
  2280 | D:4      | Noticed a yak
  2313 | D:4      | XOM: noise
  2322 | D:4      | XOM: potion effect (curing)
  2360 | D:4      | XOM: potion effect (haste)
  2364 | D:4      | XOM: divination: magic mapping
  2416 | D:4      | XOM: silly message
  2504 | D:4      | XOM: silly message
  2521 | D:4      | XOM: destruction
  2531 | D:4      | Killed a phantom
  2532 | D:4      | Reached XP level 6. HP: 37/56 MP: 5/5
  2609 | D:4      | Found a transporter.
  2733 | D:4      | XOM: summons friendly quasit
  2747 | D:4      | Reached skill level 5 in Armour
  2825 | D:4      | XOM: give mutation
  2825 | D:4      | Gained mutation: Your spells are a little harder to cast,
                  | but a little more powerful. [Xom's grace]
  3041 | D:4      | Reached skill level 1 in Evocations
  3122 | D:5      | Noticed a sky beast
  3200 | D:5      | Killed an ice beast
  3201 | D:5      | Reached XP level 7. HP: 34/62 MP: 6/6
  3469 | D:5      | Found a radiant altar of Vehumet.
  3471 | D:5      | Found an ancient bone altar of Kikubaaqudgha.
  3476 | D:5      | Found an iron altar of Okawaru.
  3592 | D:5      | XOM: summons 4 hostile shadow creatures
  3597 | D:5      | XOM: polymorph orc -> adder
  3660 | D:5      | Reached skill level 5 in Shields
  3662 | D:5      | Found a runed translucent door.
  3665 | D:5      | Noticed Dazliare's ghost (amateur HODe)
  3670 | D:5      | XOM: noise
  3677 | D:5      | XOM: smoke on damage
  3691 | D:5      | Killed Dazliare's ghost
  3692 | D:5      | Reached XP level 8. HP: 24/72 MP: 7/7
  3814 | D:6      | XOM: swap monsters
  3815 | D:6      | XOM: 1-stop teleportation journey
  3824 | D:6      | XOM: enchant monster (bad)
  3836 | D:6      | Noticed Menkaure
  3836 | D:6      | XOM: 2-stop teleportation journey
  3843 | D:6      | Killed Menkaure
  3844 | D:6      | Reached skill level 6 in Axes
  3895 | D:6      | Found a staircase to the Ecumenical Temple.
  3902 | Temple   | Entered the Ecumenical Temple
  4313 | D:6      | Reached skill level 5 in Fighting
  4417 | D:7      | XOM: 5-stop teleportation journey
  4529 | D:7      | XOM: god gift: 1100 gold pieces
  4543 | D:7      | XOM: divine lightning
  4563 | D:7      | XOM: divination: detect creatures
  4568 | D:7      | XOM: cast spell 'Death Channel'
  4571 | D:7      | XOM: summons friendly white imp
  4583 | D:7      | Gained mutation: You passively map the area around you.
                  | [Deep Dwarf growth]
  4583 | D:7      | Reached XP level 9. HP: 22/81 MP: 8/8
  4637 | D:7      | Found Emmethra's Jewellery Emporium.
  4641 | D:7      | Found Olinicsy's Antique Weapon Shop.
  4642 | D:7      | Found Megekkesch's Antique Weapon Shop.
  4642 | D:7      | Found Ifubuul's Weapon Emporium.
  4714 | D:7      | Bought the +8 shortbow of the Peculiar Olives {freeze,
                  | Str+4} for 668 gold pieces
  4931 | D:3      | XOM: god gift: dark potion {god gift}
  5228 | D:7      | Reached skill level 5 in Evocations
  5301 | D:7      | XOM: cast spell 'Summon Hydra'
  5813 | D:7      | Bought a glowing war axe for 182 gold pieces
  5815 | D:7      | Bought a runed war axe for 182 gold pieces
  6088 | D:8      | XOM: polymorph yak -> human
  6091 | D:8      | XOM: polymorph human -> warg
  6268 | D:8      | Reached skill level 7 in Axes
  6368 | D:8      | XOM: enchant monster (good)
  6476 | D:8      | Found a runed translucent gate.
  6477 | D:8      | Found a runed translucent gate.
  6477 | D:8      | Found a runed translucent gate.
  6477 | D:8      | Noticed Chadd's ghost (novice MiBe)
  6477 | D:8      | Noticed an 11-headed hydra
  6500 | D:8      | Reached skill level 8 in Axes
  6692 | D:8      | XOM: enchant monster (bad)
  6720 | D:8      | Reached XP level 10. HP: 34/91 MP: 3/9
  6735 | D:8      | XOM: cloud trail
  6968 | D:9      | Found a flagged portal.
  6976 | Bailey   | Entered a bailey
  7008 | Bailey   | XOM: summons friendly ufetubus
  7105 | Bailey   | Reached skill level 1 in Bows
  7206 | D:9      | Noticed a two-headed ogre
  7207 | D:9      | Noticed Joseph
  7242 | D:8      | Reached skill level 9 in Axes
  7279 | D:8      | XOM is BORED!
  7279 | D:8      | XOM: give mutations
  7279 | D:8      | Gained mutation: Armour fits poorly on your strangely
                  | shaped body. [Xom's mischief]
  7279 | D:8      | Lost mutation: Armour fits poorly on your strangely shaped
                  | body. [Xom's mischief]
  7284 | D:8      | XOM: cleaving
  7300 | D:9      | XOM: potion effect (experience)
  7300 | D:9      | Reached skill level 11 in Axes
  7300 | D:9      | Reached XP level 11. HP: 55/106 MP: 3/9
  7335 | D:9      | XOM: summons 2 hostile demons
  7628 | D:9      | XOM: polymorph yak -> black mamba
  7680 | D:9      | Found a staircase to the Lair.
  7764 | D:9      | Reached skill level 10 in Armour
  7880 | D:9      | Killed a two-headed ogre
  7888 | D:9      | Killed Joseph
  8199 | D:10     | Entered Level 10 of the Dungeon
  8258 | D:10     | XOM: give mutation
  8258 | D:10     | Gained mutation: Your body sometimes deteriorates upon
                  | taking damage. [Xom's mischief]
  8268 | D:10     | XOM: cleaving
  8270 | D:10     | XOM: god gift: potion of attraction
  8398 | D:10     | Noticed Grum
  8402 | D:10     | XOM: confuse monster(s)
  8415 | D:10     | Killed Grum
  8445 | D:10     | Noticed Maurice
  8558 | D:10     | XOM: divination: detect creatures
  8831 | D:10     | XOM: summons 11 friendly demons
  8862 | D:10     | Killed Maurice
  9054 | D:11     | Reached skill level 12 in Axes
  9206 | D:11     | Found Masuryc's Antique Weapon Emporium.
  9217 | D:11     | Bought a slimy glaive for 322 gold pieces
  9217 | D:11     | Identified the +3 glaive of the Everdark {distort, Will-
                  | Str+3 Dex+2 SInv} (You bought it in a shop on level 11 of
                  | the Dungeon)
  9327 | D:11     | XOM: enchant monster (good)
  9409 | D:11     | Found a bloodstained altar of Trog.
  9441 | D:11     | XOM: god gift: 38 gold pieces
  9522 | D:11     | Found a staircase to the Orcish Mines.
  9591 | D:11     | Noticed a two-headed ogre
  9595 | D:11     | XOM: cast spell 'Call Canine Familiar'
  9601 | D:11     | Killed a two-headed ogre
  9923 | D:12     | XOM: summons friendly white imp
  9925 | D:12     | XOM: summons friendly white imp
  9941 | D:12     | Reached XP level 12. HP: 62/114 MP: 3/9
  9975 | D:12     | Found a gate leading to a gauntlet.
  9984 | Gauntlet | Entered a Gauntlet
  9984 | Gauntlet | Found a transporter.
  9984 | Gauntlet | Found a transporter.
  9988 | Gauntlet | Found a transporter.
  9988 | Gauntlet | Found a transporter.
 10021 | Gauntlet | Noticed a hell beast
 10024 | Gauntlet | Found a transporter.
 10034 | Gauntlet | Found a transporter.
 10036 | Gauntlet | Found a transporter.
 10037 | Gauntlet | Found a transporter.
 10037 | Gauntlet | Noticed a hell hog
 10086 | Gauntlet | Found a transporter.
 10114 | Gauntlet | Found a transporter.
 10130 | Gauntlet | Found a transporter.
 10148 | Gauntlet | Found a transporter.
 10161 | Gauntlet | Found a transporter.
 10255 | Gauntlet | Found a transporter.
 10271 | Gauntlet | Found a transporter.
 10284 | Gauntlet | Found a transporter.
 10388 | D:12     | XOM: potion effect (berserk rage)
 10431 | D:12     | XOM: divination: detect items
 10466 | D:12     | Noticed an ogre mage
 10466 | D:12     | Noticed a two-headed ogre
 10466 | D:12     | Noticed a two-headed ogre
 10467 | D:12     | Noticed a two-headed ogre
 10478 | D:12     | XOM: potion effect (haste)
 10518 | D:11     | XOM: cloud trail
 10520 | D:12     | XOM: destruction
 10521 | D:12     | XOM: confuse monster(s)
 10676 | D:12     | Noticed a two-headed ogre
 10676 | D:12     | Noticed a boulder beetle
 10676 | D:12     | XOM: 2-stop teleportation journey
 10698 | D:12     | Killed a two-headed ogre
 10712 | D:12     | HP: 2/114 [boulder beetle (35)]
 10712 | D:12     | XOM: butterfly on damage
 10723 | D:12     | Killed a boulder beetle
 11386 | D:12     | XOM: swap monsters
 11398 | D:12     | Killed a two-headed ogre
 11399 | D:12     | Reached skill level 10 in Fighting
 11402 | D:12     | Killed a two-headed ogre
 11407 | D:12     | Killed an ogre mage
 11437 | D:12     | XOM: repel stairs
 11438 | D:12     | Killed a two-headed ogre
 11584 | Orc:1    | Entered Level 1 of the Orcish Mines
 11743 | Orc:1    | Found Leco's Jewellery Boutique.
 11827 | Orc:1    | Noticed an orc warlord
 11937 | Orc:1    | XOM: give mutations
 11937 | Orc:1    | Gained mutation: You are weak. (Str -2) [Xom's mischief]
 11937 | Orc:1    | Gained mutation: Your body often deteriorates upon taking
                  | damage. [Xom's mischief]
 11937 | Orc:1    | Gained mutation: Armour fits poorly on your strangely
                  | shaped body. [Xom's mischief]
 11937 | Orc:1    | Gained mutation: You sometimes lose the ability to read
                  | scrolls when taking damage. [Xom's mischief]
 11943 | Orc:1    | Lost mutation: Your spells are a little harder to cast, but
                  | a little more powerful. [potion of mutation]
 11943 | Orc:1    | Lost mutation: You are partially covered in iridescent
                  | scales. (AC +2) [potion of mutation]
 12028 | Lair:1   | Entered Level 1 of the Lair of Beasts
 12086 | Lair:1   | XOM: give mutations
 12086 | Lair:1   | Lost mutation: Armour fits poorly on your strangely shaped
                  | body. [Xom's mischief]
 12086 | Lair:1   | Lost mutation: You are strong-willed. (Will+) [Xom's
                  | mischief]
 12165 | Lair:1   | XOM: blink monster(s)
 12176 | Lair:1   | Noticed a six-headed hydra
 12535 | Lair:1   | Reached skill level 13 in Axes
 12535 | Lair:1   | Reached XP level 13. HP: 30/124 MP: 1/5
 12848 | Lair:2   | XOM: 1-stop teleportation journey
 12872 | Lair:1   | Reached skill level 10 in Shields
 12967 | Lair:2   | XOM: potion effect (haste)
 13024 | Lair:2   | XOM: scenery: create altars
 13151 | Lair:2   | XOM: polymorph cane toad -> troll
 13346 | Lair:2   | Found a staircase to the Shoals.
 13362 | Lair:2   | Reached skill level 1 in Spellcasting
 13392 | Lair:2   | XOM: divination: magic mapping
 13567 | Lair:2   | XOM is BORED!
 13583 | Lair:3   | Gained mutation: You resist negative energy. (rN+) [Deep
                  | Dwarf growth]
 13583 | Lair:3   | Reached XP level 14. HP: 66/135 MP: 1/5
 13632 | Lair:3   | XOM: enchant monster (good)
 13727 | Lair:3   | XOM: god gift: staff of fire
 13729 | Lair:3   | XOM: scenery: 1 doors open
 13757 | Lair:3   | XOM: confuse monster(s)
 13770 | Lair:3   | Reached skill level 14 in Axes
 13781 | Lair:3   | Found a transporter.
 13781 | Lair:3   | Found a transporter.
 13824 | Lair:3   | XOM: polymorph polar bear -> polar bear
 13889 | Lair:3   | XOM: 3-stop teleportation journey
 13929 | Lair:3   | XOM: give mutations
 13929 | Lair:3   | Gained mutation: Your mind is acute. (Int +2) [Xom's grace]
 13929 | Lair:3   | Gained mutation: You have an increased reservoir of magic.
                  | (+10% MP) [Xom's grace]
 13929 | Lair:3   | Gained mutation: Your flesh is heat resistant. (rF+) [Xom's
                  | grace]
 13929 | Lair:3   | Lost mutation: You are weak. (Str -2) [Xom's grace]
 14085 | Lair:3   | XOM: give mutation
 14085 | Lair:3   | Lost mutation: Your flesh is heat resistant. (rF+) [Xom's
                  | mischief]
 14106 | Lair:3   | XOM: fake destruction
 14122 | Lair:3   | XOM: enchant monster (good)
 14137 | Lair:3   | Noticed Nergalle
 14145 | Lair:3   | Killed Nergalle
 14354 | Lair:3   | XOM: scenery: 1 doors close
 14475 | Lair:4   | XOM: summons friendly crimson imp
 14549 | Lair:4   | XOM: potion effect (curing)
 14775 | D:11     | Killed an orc warlord
 15007 | Orc:2    | Entered Level 2 of the Orcish Mines
 15027 | Orc:2    | XOM: destruction
 15069 | Orc:2    | XOM: potion effect (curing)
 15101 | Orc:1    | XOM: noise
 15123 | Orc:2    | Found a staircase to the Elven Halls.
 15145 | Orc:2    | Found Hehubla's General Store.
 15146 | Orc:2    | XOM: cast spell 'Call Canine Familiar'
 15154 | Orc:2    | XOM: silly message
 15162 | Orc:2    | Paralysed by something for 5 turns
 15215 | Orc:2    | XOM: summons friendly iron imp
 15219 | Orc:1    | XOM: cast spell 'Summon Small Mammal'
 15248 | Orc:2    | XOM: potion effect (might)
 15282 | Orc:2    | XOM: 1-stop teleportation journey
 15284 | Orc:2    | Noticed an orc warlord
 15353 | Orc:2    | XOM: chaos upgrade
 15414 | Orc:2    | XOM: god gift: 5 datura-tipped darts
 15418 | Orc:2    | XOM: summons friendly white imp
 15544 | Orc:2    | XOM: chaos upgrade
 15605 | Orc:2    | Found Ycra's Book Shop.
 15759 | Orc:2    | XOM: enchant monster (good)
 15766 | Orc:2    | Noticed Urug
 15769 | Orc:2    | XOM: divine lightning
 15791 | Orc:2    | Killed Urug
 15823 | Orc:2    | Reached skill level 10 in Evocations
 15886 | Orc:1    | XOM: cast spell 'Metabolic Englaciation'
 16007 | D:13     | Noticed Sonja
 16024 | D:13     | Killed Sonja
 16079 | D:13     | XOM: god gift: 25 gold pieces
 16230 | D:13     | Noticed Snorg
 16246 | D:13     | Killed Snorg
 16263 | D:13     | Blown up by an eye of devastation

Illustrated notes

Levels and vault maps discovered:
D:1:      scummos_arrival_simple_crosswalls, layout_loops_corners,
          hellmonk_ecumenical_altar_heavens_door
D:2:      layout_rooms, minmay_octomino_j4
D:3:      layout_rooms, chequers_serial_rivers_small_a
D:4:      layout_loops_ring, gammafunk_ghost_arena
D:5:      layout_loops_ring, nicolae_overflow_hallway_of_the_gods,
          ebering_ghost_reflecting_pool, serial_shops, nicolae_diamond_shop
D:6:      layout_rooms, minmay_temple_entry_nine_rooms, uniq_menkaure
D:7:      minmay_the_grid_square_5x5_3x3 [minmay_the_grid_square_5x5_longway,
          minmay_the_grid_square_5x5_two, minmay_the_grid_square_5x5_spiral,
          minmay_the_grid_square_5x5_trominoes,
          minmay_the_grid_square_5x5_megaprize_hollow,
          minmay_the_grid_square_5x5_three_small,
          minmay_the_grid_square_5x5_two_walls_b,
          minmay_the_grid_square_5x5_comb, minmay_the_grid_square_5x5_tie],
          layout_gridville, nicolae_wooded_promenade
D:8:      layout_basic, gammafunk_ghost_hydra_chop
D:9:      layout_basic, david_lair_shrubbed, enter_bailey_6, uniq_joseph
D:10:     layout_gridville, uniq_maurice, uniq_grum
D:11:     layout_stronghold, orc_0_dummy, serial_shops,
          nicolae_shop_window_shopping, trog_three_pillars_becter
D:12:     layout_stronghold, gauntlet_entry_generic
D:13:     layout_cave_pods, uniq_snorg, uniq_sonja
Temple:   eino_temple_rhombus
Lair:1:   layout_cave_pods, serial_bayou_shore_b, grunt_megastairs_4
Lair:2:   layout_cave_shapes, minmay_shoals_entry_lonely_mermaid
Lair:3:   gammafunk_boulding_lane, layout_chaotic_city,
          infiniplex_staircase_pool_2, lemuel_fruit_tree, serial_bayou_shore_b,
          uniq_nergalle
Lair:4:   layout_roguey, guppyfry_snake_entry_island,
          eino_small_chamber_without_monster, grunt_forest_small_clearings,
          minivault_11, beast_lair_carwin_6, grunt_megastairs_3
Orc:1:    layout_caves, minmay_shop_enchanted_jewellery
Orc:2:    grunt_orc_cross, layout_caves, guppyfry_orc_lava_fort

Skill      XL: |  1  2  3  4  5  6  7  8  9 10 11 12 13 14 |
---------------+-------------------------------------------+-----
Armour         | 1 2 4 6 8 9 10 12 13 | 13.0
Fighting       | 3 4 5 6 9 10 11 12 | 12.0
Axes           | 3 4 5 6 8 11 12 13 14 | 14.8
Evocations     | 3 6 8 9 10 | 10.0
Shields        | 5 6 8 9 10 11 | 11.0
Bows           | 2 |  2.0
Spellcasting   | 2 3 |  3.0
Dodging        | |  2.1
Stealth        | |  6.0

Action                   |  1- 3 |  4- 6 |  7- 9 | 10-12 | 13-15 || total
-------------------------+-------+-------+-------+-------+-------++-------
Melee: Hand axe          |    48 |   216 |   249 |       |       ||   513
       Punch             |       |     1 |     4 |     4 |       ||     9
       War axe           |       |       |    78 |   376 |   597 ||  1051
 Fire: Shortbow          |       |       |    55 |    77 |       ||   132
Throw: Dart              |       |       |       |       |     4 ||     4
 Abil: Heal Wounds       |     2 |     1 |     5 |    25 |    26 ||    59
Evoke: Wand              |       |     1 |     6 |     9 |    30 ||    46
  Use: Scroll            |       |     8 |     3 |     6 |     3 ||    20
       Potion            |       |       |       |    12 |    10 ||    22
 Stab: Sleeping          |       |    15 |     3 |       |       ||    18
       Paralysed         |       |     4 |    13 |       |     5 ||    22
       Confused          |       |       |       |     6 |     3 ||     9
       Distracted        |       |       |       |     1 |     1 ||     2
Armor: Leather armour    |     7 |     4 |       |       |       ||    11
       Ring mail         |       |   127 |    34 |       |       ||   161
       Chain mail        |       |       |   168 |    71 |       ||   239
       Plate armour      |       |       |       |   229 |   298 ||   527
       Skin              |       |       |       |     3 |       ||     3
Dodge: Dodged            |    32 |   136 |   120 |   115 |   108 ||   511
Block: Kite shield       |       |       |    71 |    76 |   474 ||   621
       Other             |       |       |    11 |    85 |       ||    96
       Reflection        |       |       |       |     7 |     8 ||    15
